 Dungeon Crawl Stone Soup version 0.31.0-9-g3a7656b989 (webtiles) character file.

Game seed: 14904656621039079904

49 GnomeSayin the Shooter (level 3, -3/22 HPs)
             Began as a Gargoyle Hunter on Jan 29, 2024.
             Frozen to death by an endoplasm (5 damage)
             ... on level 3 of the Dungeon.
             The game lasted 00:01:00 (343 turns).

GnomeSayin the Shooter (Gargoyle Hunter)             Turns: 343, Time: 00:01:00

Health: -3/22      AC:  6    Str: 16    XL:     3   Next: 75%
Magic:  3/3        EV: 11    Int:  9    God:
Gold:   0          SH:  0    Dex: 13    Spells: 2/2 levels left

rFire   . . .        a - +0 shortbow
rCold   . . .        (shield currently unavailable)
rNeg    + . .        c - +0 leather armour
rPois   ∞            (no helmet)
rElec   +            (no cloak)
rCorr   .            (no gloves)
SInv    .            (no boots)
Will    .....        (no amulet)
Stlth   +            (no ring)
HPRegen 0.23/turn    (no ring)
MPRegen 0.08/turn

%: no passive effects
@: no status effects
A: sickness immunity, AC +3, negative energy resistance 1, electricity
resistance, torment resistance 1, petrification resistance
a: no special abilities


You were on level 3 of the Dungeon.
You visited 1 branch of the dungeon, and saw 3 of its levels.

Inventory:

Hand Weapons
 a - a +0 shortbow (weapon)
Armour
 c - a +0 leather armour (worn)
Wands
 g - a wand of polymorph (9)
Scrolls
 b - a scroll of butterflies
 d - a scroll of poison {unknown}
 f - a scroll of fear {unknown}
 h - 4 scrolls of identify {unknown}
 i - a scroll of enchant weapon {unknown}
Potions
 e - a potion of lignification {unknown}


   Skills:
 + Level 2.4 Fighting
 + Level 5.2 Ranged Weapons
 + Level 1.5 Dodging
 + Level 1.1 Stealth


You had 2 spell levels left.
You didn't know any spells.
Your spell library was empty.

Dungeon Overview and Level Annotations

Branches:
Dungeon (3/15)

Altars:


Innate Abilities, Weirdness & Mutations

You are immune to sickness and miasma.
Your stone body is resilient. (AC +3)
You are immune to poison.
You resist negative energy. (rN+)
You are resistant to electric shocks. (rElec)
You are resistant to unholy torment.
You are immune to petrification.


Message History

You are too injured to fight recklessly!
The endoplasm barely misses you. The goblin hits you but does no damage.
You see here an adder corpse.
You shoot an arrow. The arrow hits the dart slug!
The dart slug is almost dead.
The dart slug barely misses you. The goblin hits you with a +0 dagger.
The endoplasm hits you.
You shoot an arrow.
The arrow hits the dart slug but does no damage.
The dart slug is almost dead.
The goblin hits you but does no damage. The endoplasm hits you.
* * * LOW HITPOINT WARNING * * *
The dart slug briefly extends its eye-stalks.
The dart slug misses you.
You shoot an arrow. The arrow hits the dart slug.
You kill the dart slug!
The endoplasm freezes you.
You are frozen.
* * * LOW HITPOINT WARNING * * *
The goblin hits you but does no damage. The endoplasm closely misses you.
You see here a dart slug corpse.
The goblin attacks as it pursues you! The goblin misses you.
Found a fuming white potion.
The goblin attacks as it pursues you! The goblin barely misses you.
The endoplasm attacks as it pursues you!
The endoplasm hits you but does no damage.
The goblin attacks as it pursues you! The goblin hits you but does no damage.
The endoplasm jiggles.
The goblin closely misses you. The goblin attacks as it pursues you!
The goblin barely misses you. The endoplasm freezes you.
You are frozen.
* * * LOW HITPOINT WARNING * * *
The endoplasm attacks as it pursues you!
The endoplasm barely misses you. The goblin attacks as it pursues you!
The goblin misses you. The endoplasm freezes you.
You are frozen.
You die...

.....?...##..#
.....#......##
.............##
..............###
.)..............#
................#
................#
................#
.........g@.#..
....!....J.####
.#####.#.###
#...# ##..# ####


You could see an endoplasm and a goblin.

Vanquished Creatures
  3 adders (D:3)
  2 dart slugs
  An orc (D:3)
  An endoplasm (D:3)
  2 giant cockroaches (D:2)
  2 goblins
  3 hobgoblins
  A ball python (D:2)
  A bat (D:2)
  A frilled lizard (D:1)
17 creatures vanquished.

Notes
Turn   | Place    | Note
-------+----------+-------------------------------------------
     0 | D:1      | GnomeSayin the Gargoyle Hunter began the quest for the Orb.
     0 | D:1      | Reached XP level 1. HP: 12/12 MP: 1/1
   197 | D:2      | Reached XP level 2. HP: 17/17 MP: 2/2
   296 | D:3      | Reached XP level 3. HP: 22/22 MP: 3/3
   297 | D:3      | Reached skill level 5 in Ranged Weapons
   343 | D:3      | Frozen to death by an endoplasm

Illustrated notes

Levels and vault maps discovered:
D:1:      kilobyte_arrival_exit_the_forest, layout_basic,
          hangedman_decor_lopped, minivault_25
D:2:      layout_loops_ring, ebering_ecumenical_altar_rust,
          chequers_serial_rivers_small_a, minmay_pentomino_u2
D:3:      layout_rooms, cheibrodos_worm_habitat, minivault_26

Skill      XL: |  1  2  3 |
---------------+----------+-----
Ranged Weapons | 5 |  5.2
Fighting       | |  2.4
Dodging        | |  1.5
Stealth        | |  1.1

Action                     || total
---------------------------++-------
   Fire: Shortbow          ||    52
 Armour: Leather armour    ||    23
  Dodge: Dodged            ||    26
